 Dungeon Crawl Stone Soup version 0.19-a0-1091-g463c9de (webtiles) character file.

123 FrancescoMac the Shield-Bearer (level 4, -2/41 HPs)
             Began as a Minotaur Fighter on Aug 7, 2016.
             Slain by Sigmund
             ... wielding a +0 scythe
              (10 damage)
             ... on level 2 of the Dungeon.
             The game lasted 00:04:28 (1666 turns).

FrancescoMac the Shield-Bearer (Minotaur Fighter)   Turns: 1666, Time: 00:04:28

Health: -2/41      AC:  7    Str: 21    XL:     4   Next: 80%
Magic:  3/3        EV:  7    Int:  5    God:
Gold:   48         SH:  9    Dex: 10    Spells: 0 memorised, 3 levels left

rFire  . . .     SeeInvis .     a - +0 long sword
rCold  . . .     Gourm    .     b - +0 scale mail
rNeg   . . .     Faith    .     c - +0 shield
rPois  .         Spirit   .     (helmet restricted)
rElec  .         Dismiss  .     (no cloak)
rCorr  .         Reflect  .     (no gloves)
SustAt .         Harm     .     (no boots)
MR     .....                    (no amulet)
Stlth  ..........               (no ring)
                                (no ring)

@: slowed, very slow
A: retaliatory headbutt, horns 2
a: no special abilities


You were on level 2 of the Dungeon.
You were not hungry.

You visited 1 branch of the dungeon, and saw 2 of its levels.

You collected 48 gold pieces.

Inventory:

Hand Weapons
 a - a +0 long sword (weapon)
Armour
 b - a +0 scale mail (worn)
 c - a +0 shield (worn)
Scrolls
 e - a scroll of random uselessness {unknown}
 h - a scroll of recharging {unknown}
 i - 2 scrolls of blinking {unknown}
 l - a scroll of enchant armour {unknown}
 m - a scroll of teleportation {unknown}
 n - a scroll of remove curse {unknown}
Potions
 g - 3 potions of lignification {unknown}
 j - 2 potions of might
 k - a potion of magic {unknown}
Comestibles
 d - 5 chunks of flesh
 f - 3 bread rations


   Skills:
 + Level 4.4 Fighting
 + Level 3.7 Long Blades
 + Level 4.4 Armour
 + Level 4.7 Shields


You had 3 spell levels left.
You didn't know any spells.

Dungeon Overview and Level Annotations

Branches:
Dungeon (2/15)

Altars:
Cheibriados
Trog
Xom

Annotations:
D:2 Sigmund


Innate Abilities, Weirdness & Mutations

You reflexively headbutt those who attack you in melee.
You have a pair of horns on your head.


Message History

Sigmund says, "Don't worry, I'll kill you fast."
Sigmund casts a spell.
Sigmund flickers and vanishes!
Deactivating autopickup; reactivate with Ctrl-A.
You miss something. Your headbutt misses something. Something hits you!
You hear some strange, mumbled words.
Something tries to affect you, but you resist.
You hit something. You headbutt something.
You hear a zap.
You feel as though you will be slow longer.
You hear a zap.
Something tries to affect you, but you resist.
You closely miss something.
You hear a zap.
You feel as though you will be slow longer.
Something hits you but does no damage.
You miss something. Your headbutt misses something. Something hits you!
* * * LOW HITPOINT WARNING * * *
You miss something. Something hits you!
You die...

♣♣♣♣♣♣..♣ ##..# ♣♣.. ###.... ♣♣♣
####...#.# ### ####.....##.#
..## ### ##########...........#
#..# #.. ...........#....#.####
##)###.# ######.#..#....#....#
#..##.###########.#.##....####.#
##.##.. ......{@†.#.####### #.#
#..#.#############.##########..
# ##.#....# ..<.........#.......
###....##.##
#######.###.#.######
§####..##.<# #.# #.#.#<....
§##...>....####### #.#
#.#...#### ≈⌠########.......#
#.# #.###.# # ≈# #######.# #.#
#.....# # ≈⌠# #.# ..# ##########


There were no monsters in sight!

Vanquished Creatures
  4 gnolls
  2 adders (D:2)
  An ooze (D:2)
  2 worms (D:2)
  6 dart slugs
  3 giant cockroaches
  7 hobgoblins
  6 kobolds (D:1)
  5 bats
  3 giant newts
  5 goblins
  3 rats
47 creatures vanquished.

Notes
Turn   | Place    | Note
-------+----------+-------------------------------------------
     0 | D:1      | FrancescoMac the Minotaur Fighter began the quest for the Orb.
     0 | D:1      | Reached XP level 1. HP: 19/19 MP: 0/0
    63 | D:1      | HP: 1/20 [poisoned by a kobold]
   396 | D:1      | Reached XP level 2. HP: 27/27 MP: 1/1
   766 | D:1      | Reached XP level 3. HP: 26/33 MP: 2/2
  1106 | D:2      | Found a snail-covered altar of Cheibriados.
  1200 | D:2      | Reached XP level 4. HP: 39/40 MP: 3/3
  1548 | D:2      | Found a bloodstained altar of Trog.
  1620 | D:2      | Found a shimmering altar of Xom.
  1653 | D:2      | Noticed Sigmund
  1666 | D:2      | Slain by Sigmund

Vault maps used:
D:1:      nicolae_arrival_somewhat_less_tricky_arrival
D:2:      kb_forest_paths, lightli_temple_of_fire, kennysheep_slug_shrine,
          lemuel_crystal_altar, first_bread, uniq_sigmund

Skill      XL: |  1  2 |
---------------+-------+-----
Armour         | 4 |  4.4
Fighting       | 4 |  4.4
Long Blades    | 3 |  3.7
Shields        | 4 |  4.7

Action                   |  1- 3 |  4- 6 || total
-------------------------+-------+-------++-------
Melee: Long sword        |    95 |    50 ||   145
       Headbutt          |    17 |    10 ||    27
  Use: Potion            |     1 |       ||     1
  Eat: Meat ration       |     1 |       ||     1
Armor: Scale mail        |    33 |    19 ||    52
Dodge: Dodged            |    19 |     9 ||    28
Block: Shield            |    36 |    20 ||    56
